 Dungeon Crawl Stone Soup version 0.24.0-123-gd5b16e6ec5 (webtiles) character file.

Game seed: 9318811112779137431, levelgen mode: deterministic

174 PentaManta the Ducker (level 5, -7/27 HPs)
             Began as a Spriggan Monk on Dec 30, 2019.
             Killed by divine providence
             ... invoked by an orc priest
              (15 damage)
             ... on level 3 of the Dungeon.
             The game lasted 00:07:38 (3862 turns).

PentaManta the Ducker (Spriggan Monk)               Turns: 3862, Time: 00:07:38

Health: -7/27      AC:  3    Str:  7    XL:     5   Next: 28%
Magic:  6/6        EV: 37    Int: 11    God:
Gold:   208        SH:  0    Dex: 20    Spells: 4/4 levels left

rFire    . . .     SeeInvis +   r - +4 dagger
rCold    . . .     Gourm    .   (shield restricted)
rNeg     . . .     Faith    .   b - +0 robe
rPois    .         Spirit   .   (helmet restricted)
rElec    .         Reflect  .   u - +0 cloak
rCorr    .         Harm     .   (gloves unavailable)
MR       .....                  (boots unavailable)
Stlth    +++.......             f - amulet of the acrobat
HPRegen  0.09/turn              (no ring)
MPRegen  0.10/turn              (no ring)

@: acrobat, very quick
A: very small, unfitting armour, see invisible, herbivore, speed 3, slow
metabolism 2
a: no special abilities


You were on level 3 of the Dungeon.
You were very hungry.

You visited 1 branch of the dungeon, and saw 3 of its levels.

You collected 208 gold pieces.

Inventory:

Hand Weapons
 a - a +0 falchion
 i - a +1 dagger of flaming
 r - a +4 dagger (weapon)
Missiles
 e - 13 poisoned darts (quivered)
 o - 2 throwing nets
Armour
 b - a +0 robe (worn)
 u - a +0 cloak (worn)
Jewellery
 f - an amulet of the acrobat (around neck)
Wands
 s - a wand of flame (30)
Scrolls
 d - a scroll of enchant weapon {unknown}
 g - 2 scrolls of remove curse {unknown}
 j - 8 scrolls of identify {unknown}
 k - 2 scrolls of enchant armour {unknown}
 l - a scroll of magic mapping {unknown}
 v - a scroll of immolation {unknown}
Potions
 h - a potion of ambrosia {unknown}
 m - a potion of berserk rage {unknown}
 n - a potion of cancellation {unknown}
 p - 2 potions of curing {unknown}
 q - 2 potions of haste {unknown}
 t - a potion of degeneration {unknown}
Comestibles
 c - 6 rations


   Skills:
 - Level 2.4 Fighting
 + Level 3.4 Long Blades
 + Level 6.2 Dodging
 + Level 5.5 Stealth


You had 4 spell levels left.
You didn't know any spells.
Your spell library was empty.

Dungeon Overview and Level Annotations

Branches:
Dungeon (3/15)

Altars:
Cheibriados
Gozag
Nemelex Xobeh

Annotations:
D:3 2 runed translucent doors


Innate Abilities, Weirdness & Mutations

You are very small and have problems with some larger weapons.
You are too small for most types of armour.
You have supernaturally acute eyesight. (SInv)
You are a herbivore.
You cover ground extremely quickly.
You need to consume almost no food.


Message History

The orc priest is lightly wounded.
The orc throws a boomerang.
The boomerang barely misses you.
The weapon returns to the orc!
You hit the orc priest but do no damage.
The orc priest is lightly wounded.
The orc priest mumbles some strange prayers to Beogh against you.
Beogh smites you!
The orc throws a boomerang.
The boomerang completely misses you.
The weapon returns to the orc!
You hit the orc priest but do no damage.
The orc priest completely misses you.
The orc throws a boomerang.
The boomerang hits you.
* * * LOW HITPOINT WARNING * * *
The weapon returns to the orc!
You hit the orc priest but do no damage.
The orc priest closely misses you.
Okay, then.
The orc priest mumbles some strange prayers to Beogh against you.
Beogh smites you!
Ouch! That really hurt!
You die...

#.# #.# #.# #. #.#
#.### #.# #. #o# ##...#
#.######### #.
#.####...(###.o........
...
#..$o.._......#o#######
.#..
#####....####.#.###
###### #...## #.#...#
♣♣##♣♣PPP♣♣ ###.#
#.).#.# ♣♣P#PPP..≈PP
#.#
#.#@..#P♣PPP†#.....P
#.#
#.#..###P#..#.....÷.
#.###..##♣P...#...§..)
..##....#♣PP..#.......
#.##.######PPPPP....÷P
#.##.#


P♣PPPPP...P# #.##.# ###♣♣#P♣♣♣♣#♣ #.##.# #.########## #.##.# #.#.#.#..#.# You
could see an orc priest and an orc.

Vanquished Creatures
  Jessica (D:3)
  Terence (D:3)
  4 adders
  2 oozes
  A worm (D:1)
  3 dart slugs
  3 leopard geckos
  3 orcs (D:3)
  3 giant cockroaches
  9 goblins
  8 hobgoblins
  3 jackals (D:1)
  A quokka (D:1)
  A ball python (D:2)
  7 bats
  2 frilled lizards (D:1)
  12 kobolds
  5 rats
  A plant (D:3)
70 creatures vanquished.

Notes
Turn   | Place    | Note
-------+----------+-------------------------------------------
     0 | D:1      | PentaManta the Spriggan Monk began the quest for the Orb.
     0 | D:1      | Reached XP level 1. HP: 11/11 MP: 2/2
   345 | D:1      | Reached XP level 2. HP: 15/16 MP: 3/3
   791 | D:1      | Reached skill level 5 in Dodging
  1305 | D:1      | Reached XP level 3. HP: 19/19 MP: 4/4
  1494 | D:2      | Found a sparkling altar of Nemelex Xobeh.
  1990 | D:2      | Found an opulent altar of Gozag.
  2343 | D:2      | Reached XP level 4. HP: 12/23 MP: 5/5
  2958 | D:3      | Reached skill level 5 in Stealth
  2998 | D:3      | Found a large runed translucent door.
  2999 | D:3      | Found a large runed translucent door.
  3005 | D:3      | Noticed Jessica
  3160 | D:3      | Killed Jessica
  3160 | D:3      | Reached skill level 6 in Dodging
  3160 | D:3      | Reached XP level 5. HP: 27/27 MP: 6/6
  3258 | D:3      | Noticed Terence
  3269 | D:3      | Killed Terence
  3572 | D:3      | Found a snail-covered altar of Cheibriados.
  3862 | D:3      | Killed from afar by an orc priest

Levels and vault maps discovered:
D:1:      dpeg_arrival_lava_temple_mockup, layout_basic
D:2:      layout_basic, lemuel_crystal_altar, lemuel_tele_altar
D:3:      layout_loops_ring, nicolae_overflow_crystal_walls,
          ebering_ghost_disaster_area, lexackson_kobold_supper, uniq_terence,
          uniq_jessica

Skill      XL: |  1  2  3  4 |
---------------+-------------+-----
Dodging        | 5 6 |  6.2
Stealth        | 4 5 |  5.5
Long Blades    | 3 |  3.4
Fighting       | |  2.4

Action                   |  1- 3 |  4- 6 || total
-------------------------+-------+-------++-------
Melee: Falchion          |    40 |       ||    40
       Dagger            |   196 |   165 ||   361
Evoke: Wand              |       |     6 ||     6
 Stab: Sleeping          |    10 |     8 ||    18
       Distracted        |       |     1 ||     1
Armor: Robe              |    14 |     4 ||    18
Dodge: Dodged            |   202 |    57 ||   259
       Rpst.: Falchion   |    12 |       ||    12
